 Dungeon Crawl Stone Soup version 0.28-a0-1404-g4df0f3684d (webtiles) character file.

Game seed: 10515511343378640984

324 HallandMoats the Skirmisher (level 6, -2/53 HPs)
             Began as a Minotaur Fighter on Jan 5, 2022.
             Was a Believer of Wu Jian.
             Slain by a wyvern (11 damage)
             ... on level 4 of the Dungeon.
             The game lasted 00:02:50 (2755 turns).

HallandMoats the Skirmisher (Minotaur Fighter)      Turns: 2755, Time: 00:02:51

Health: -2/53      AC:  7    Str: 21    XL:     6   Next: 23%
Magic:  7/7        EV: 10    Int:  5    God:    Wu Jian [**....]
Gold:   89         SH:  5    Dex: 11    Spells: 5/5 levels left

rFire   . . .      SeeInvis .   a - +1 hand axe (drain)
rCold   . . .      Faith    .   c - +0 buckler
rNeg    . . .      Spirit   .   b - +0 scale mail
rPois   .          Reflect  .   (helmet restricted)
rElec   .          Harm     .   (no cloak)
rCorr   .          Rampage  .   (no gloves)
Will    .....                   (no boots)
Stlth   ..........              r - amulet of regeneration
HPRegen 0.97/turn               (no ring)
MPRegen 0.10/turn               (no ring)

@: no status effects
A: horns 2, retaliatory headbutt
a: Renounce Religion, Wall Jump


You were on level 4 of the Dungeon.
You worshipped Wu Jian.
Wu Jian was pleased with you.
You visited 1 branch of the dungeon, and saw 4 of its levels.

You collected 89 gold pieces.

Inventory:

Hand Weapons
 a - a +1 hand axe of draining (weapon)
Armour
 b - a +0 scale mail (worn)
 c - a +0 buckler (worn)
Jewellery
 n - a ring of ice
 r - an amulet of regeneration (around neck)
Scrolls
 e - a scroll of vulnerability {unknown}
 f - a scroll of amnesia {unknown}
 g - 3 scrolls of enchant armour {unknown}
 h - 2 scrolls of blinking {unknown}
 l - a scroll of identify {unknown}
 q - a scroll of teleportation {unknown}
Potions
 d - a potion of might
 i - a potion of haste {unknown}
 j - a potion of resistance
 k - a potion of curing {unknown}
 m - a potion of berserk rage {unknown}
 o - a potion of invisibility {unknown}
 p - a potion of mutation {unknown}


   Skills:
 + Level 4.6 Fighting
 + Level 3.6 Axes
 + Level 4.6 Armour
 + Level 2.2 Dodging
 + Level 4.6 Shields
 * Level 3.2 Invocations


You had 5 spell levels left.
You didn't know any spells.
Your spell library contained the following spells:

 Spells                   Type           Power      Damage    Failure   Level
 Ozocubu's Armour         Ice            0%         N/A       99%         3
 Metabolic Englaciation   Hex/Ice        0%         N/A       100%        5
 Simulacrum               Ice/Necr       0%         N/A       100%        6


Dungeon Overview and Level Annotations

Branches:
Dungeon (4/15)
 Temple: D:4-7

Altars:
Trog
Wu Jian


Innate Abilities, Weirdness & Mutations

You have a pair of horns on your head.
You reflexively headbutt those who attack you in melee.


Message History

You headbutt the quokka, but do no damage.
There are monsters nearby!
You hit the quokka.
The quokka is almost dead.
You hit the goblin. The goblin hits you with a +0 club.
The quokka bites you but does no damage.
The wyvern bites you but does no damage.
There are monsters nearby!
You hit the quokka.
You kill the quokka!
The Council accepts your kill.
You barely miss the wyvern. You closely miss the goblin.
You block the wyvern's attack. You block the goblin's attack.
There are monsters nearby!
You barely miss the goblin.
The goblin is moderately wounded.
You hit the wyvern. The wyvern bites you! The goblin barely misses you.
You furiously retaliate!
You headbutt the goblin.
You kill the goblin!
The Council accepts your kill. The wyvern bites you!
Okay, then.
You barely miss the wyvern.
The wyvern is lightly wounded.
The wyvern misses you. The wyvern bites you!
You barely miss the wyvern. You headbutt the wyvern!
The wyvern is heavily wounded.
The wyvern bites you!
* * * LOW HITPOINT WARNING * * *
The wyvern closely misses you.
You hit the wyvern. You drain the wyvern.
The wyvern is severely wounded.
The wyvern bites you.
* * * LOW HITPOINT WARNING * * *
The wyvern bites you.
* * * LOW HITPOINT WARNING * * *
You hit the wyvern.
The wyvern is severely wounded.
The wyvern bites you!
You die...

#### ## ###..###
...#......### ####
............# ###..#
......l.....###....#
#.....)@.....###..##
##........#..##....#
......[...#.......###
..............##..#.#
..............###...##
....#.........##.....###
##.##.....(#..##.......#
#. .......#####....)..#
##.... #..#......


You could see a wyvern (drained).

Vanquished Creatures
  A sky beast (D:3)
  A bullfrog zombie (D:4)
  Ijyb (D:3)
  Natasha (twice) (D:3)
  An orc wizard (D:4)
  5 adders
  3 orcs
  2 endoplasms
  6 goblins
  5 hobgoblins
  4 jackals (D:2)
  8 kobolds
  3 quokkas
  5 ball pythons
  4 bats
  A frilled lizard (D:1)
  3 rats
55 creatures vanquished.

Notes
Turn   | Place    | Note
-------+----------+-------------------------------------------
     0 | D:1      | HallandMoats the Minotaur Fighter began the quest for the
                  | Orb.
     0 | D:1      | Reached XP level 1. HP: 19/19 MP: 0/0
   427 | D:1      | Found a faded altar of an unknown god.
   682 | D:1      | Reached XP level 2. HP: 27/27 MP: 1/1
   876 | D:1      | Prayed at the altar of an unknown god.
   876 | D:1      | Became a worshipper of the Wu Jian Council
   876 | D:1      | Reached * piety under Wu Jian
   898 | D:2      | Reached skill level 1 in Invocations
   905 | D:2      | Reached XP level 3. HP: 17/33 MP: 2/2
  1080 | D:2      | Found a bloodstained altar of Trog.
  1195 | D:2      | Reached skill level 1 in Dodging
  2096 | D:3      | Noticed Ijyb
  2158 | D:3      | Killed Ijyb
  2159 | D:3      | Reached XP level 4. HP: 36/40 MP: 4/4
  2258 | D:3      | Noticed a sky beast
  2274 | D:3      | Killed a sky beast
  2275 | D:3      | Reached XP level 5. HP: 32/46 MP: 5/5
  2488 | D:3      | Reached ** piety under Wu Jian
  2497 | D:3      | Noticed Natasha
  2503 | D:3      | Killed Natasha
  2584 | D:3      | Noticed Natasha
  2590 | D:3      | Killed Natasha
  2651 | D:4      | Reached XP level 6. HP: 53/53 MP: 7/7
  2745 | D:4      | Noticed a wyvern
  2755 | D:4      | Slain by a wyvern

Illustrated notes

Levels and vault maps discovered:
D:1:      minmay_arrival_hallway, layout_basic, basic_ecumenical_altar,
          chequers_serial_rivers_micro_e
D:2:      layout_basic, basic_altar, st_stairs_10
D:3:      layout_loops_ring, chequers_serial_rivers_micro_b, uniq_ijyb,
          uniq_natasha
D:4:      layout_cave_pools, chequers_serial_rivers_micro_c,
          chequers_serial_rivers_small_a, chequers_avenue,
          kennysheep_generic_room_12

Skill      XL: |  1  2  3  4  5 |
---------------+----------------+-----
Invocations    | 1 2 3 |  3.2
Dodging        | 1 2 |  2.2
Armour         | 4 |  4.6
Shields        | 4 |  4.6
Fighting       | 4 |  4.6
Axes           | 3 |  3.6

Action                   |  1- 3 |  4- 6 || total
-------------------------+-------+-------++-------
Melee: War axe           |    18 |       ||    18
       Headbutt          |     8 |     8 ||    16
       Hand axe          |    67 |    61 ||   128
Invok: Lunge             |     8 |     2 ||    10
Armor: Scale mail        |    45 |    31 ||    76
Dodge: Dodged            |    46 |    26 ||    72
Block: Buckler           |    18 |    14 ||    32

Table legend: (Time is in decaauts)
 A = Elapsed time spent in this place.
 B = Non-inter-level travel time spent in this place.
 C = Inter-level travel time spent in this place.
 D = Time resting spent in this place.
 E = Time spent auto-exploring this place.
 F = Levels seen in this place.
 G = Mean time per level.
                   A        B        C        D        E       F      G
               +--------+--------+--------+--------+--------+-----+--------+
         Total |   2784 |   2623 |    161 |    181 |   2040 |   4 |  696.0 |
       Dungeon |   2784 |   2623 |    161 |    181 |   2040 |   4 |  696.0 |
               +--------+--------+--------+--------+--------+-----+--------+

Top non-repeatable levels by time:
     D:2: 951 daAuts
     D:1: 899 daAuts
     D:3: 812 daAuts
     D:4: 120 daAuts
